 Dungeon Crawl Stone Soup version 0.30.1-3-gfc49f6343a (webtiles) character file.

Game seed: 8299041613653596965

466 croobank the Covert (level 7, 0/49 HPs)
             Began as an Octopode Delver on July 25, 2023.
             Was an Initiate of Gozag.
             Succumbed to a kobold brigand's poison
             ... on level 6 of the Dungeon on July 26, 2023.
             The game lasted 00:15:53 (3699 turns).

croobank the Covert (Octopode Delver)               Turns: 3699, Time: 00:15:54

Health: 0/49       AC:  1    Str: 11    XL:     7   Next: 8%
Magic:  7/7        EV: 15    Int: 15    God:    Gozag
Gold:   209        SH:  0    Dex: 19    Spells: 5/6 levels left

rFire   . . .        a - +0 short sword (vamp)
rCold   . . .        (no shield)
rNeg    . . .        (helmet restricted)
rPois   .            r - amulet of magic regeneration
rElec   .            h - ring of resist corrosion
rCorr   +            i - +6 ring of dexterity
SInv    .            (no ring)
Will    .....        (no ring)
Stlth   +++++        (no ring)
HPRegen 0.28/turn    (no ring)
MPRegen 0.50/turn    (no ring)
                     (no ring)

%: no passive effects
@: lethally poisoned (0 -> -15), gold aura, hasted, very quick
A: almost no armour, amphibious, 8 rings, camouflage 1, gelatinous body 1,
(nimble swimmer 1), tentacles
a: Renounce Religion, Potion Petition, Call Merchant, Bribe Branch


You were on level 6 of the Dungeon.
You worshipped Gozag.
Gozag was aware of your devotion.
You visited 2 branches of the dungeon, and saw 7 of its levels.

You collected 310 gold pieces.
You paid 101 gold pieces to Gozag.

Inventory:

Hand Weapons
 a - a +0 vampiric short sword (weapon)
 c - the +5 broad axe of the Freezing Gods {flame, rPois}
   (You acquired it on level 3 of the Dungeon)

   rPois:     It protects you from poison.
 e - a +0 dagger
Missiles
 m - 5 boomerangs (quivered)
 n - 23 poisoned darts
 t - 2 throwing nets
Jewellery
 d - an amulet of the acrobat
 h - a ring of resist corrosion (left tentacle)
 i - a +6 ring of dexterity (right tentacle)
 r - an amulet of magic regeneration (around mantle)
Wands
 f - a wand of digging (2)
 g - a wand of polymorph (10)
Scrolls
 b - 2 scrolls of fog
 k - 6 scrolls of identify
 l - a scroll of noise
 q - a scroll of teleportation {unknown}
 s - a scroll of enchant weapon {unknown}
Potions
 o - a potion of flight


   Skills:
 + Level 4.5 Fighting
 - Level 3.2 Short Blades
 * Level 2.6 Axes
 + Level 3.9 Dodging
 + Level 8.2 Stealth


You had 5 spell levels left.
You knew the following spells:

 Your Spells              Type           Power      Damage    Failure   Level
a - Magic Dart            Conj           0%         1d3       26%         1

Your spell library contained the following spells:

 Spells                   Type           Power      Damage    Failure   Level
 Call Imp                 Summ           0%         N/A       38%         2
 Mephitic Cloud           Conj/Pois/Air  0%         N/A       63%         3
 Blade Hands              Tmut           0%         N/A       100%        5
 Irradiate                Conj/Tmut      0%         3d11      100%        5
 Dragon Form              Tmut           0%         N/A       100%        7


Dungeon Overview and Level Annotations

Branches:
Dungeon (6/15)             Temple (1/1) D:4

Altars:
Cheibriados
Dithmenos
Elyvilon
Gozag
Kikubaaqudgha
Okawaru
Qazlal
Ru
Trog
Uskayaw
Yredelemnul
Zin

Annotations:
D:3 2 transporters
Temple 2 transporters


Innate Abilities, Weirdness & Mutations

You cannot wear most types of armour.
You are amphibious.
You can wear up to eight rings at the same time.
Your skin changes colour to match your surroundings (Stealth+).
Your rubbery body absorbs attacks. (AC +1, EV +1)
((You are camouflaged when in or above water. (Stealth+)))
You have tentacles for arms and can constrict up to eight enemies at once.


Message History

* * * LOW HITPOINT WARNING * * *
You feel sick.
You barely miss the kobold brigand. Your squeeze misses the kobold brigand.
* * * LOW HITPOINT WARNING * * *
You feel sick.
You bump into the rock wall.
You feel less invigorated.
You feel less confused.
* * * LOW HITPOINT WARNING * * *
You feel sick.
You hit the kobold.
You kill the kobold!
* * * LOW HITPOINT WARNING * * *
You feel sick.
A kobold comes into view. It is wielding a +0 whip.
* * * LOW HITPOINT WARNING * * *
You feel sick.
The kobold is distracted by your dazzling golden aura.
Things that are here:
5 gold pieces; a +0 short sword; a wand of quicksilver (2)
* * * LOW HITPOINT WARNING * * *
You feel sick.
The kobold brigand throws a poisoned dart.
The poisoned dart hits you!
You are more poisoned.
Okay, then.
Okay, then.
Okay, then.
As you read the scroll labelled NELAMU UPPOKK, it crumbles to dust.
You hear a loud clanging noise!
It was a scroll of noise.
* * * LOW HITPOINT WARNING * * *
You feel very sick.
The kobold shouts!
You hear a bark!
You hear a shout! x2; You hear a croak.
You hear a shout! x3; You hear an angry growl.
You hear a shout!
As you read the scroll labelled AMEZAT FIYXKE, it crumbles to dust.
It is a scroll of brand weapon.
Your +0 short sword thirsts for the lives of mortals!
a - a +0 vampiric short sword (weapon)
You die...
Your body crumbles into a pile of gold.

*,* *,* *,* *### *,* ,..# *,*
*#.# ######### ****,*** #.#
#.>.....# *,,,,,,* * ##.#
#.#####.#**###,*,,,,****
##.#######.#####@##...#.,,,,,,,,,
##.##...#....KK$........,,,,,****
..)#.......##.##.##...#.**,*,* *
....)......##.##.######,**,*,* *
####........#.##.K.# *,**,*,*
##...#......$...# *,,,,,,* *
##.###..####$.♣# ***,,,** ****
#.#*#..##..$.# **,,,,,**
**,**###♣.####....# **,,,,$,,**


You could see a kobold brigand and 2 kobolds.

Vanquished Creatures
  4 scorpions
  A hound (D:6)
  An orc priest (D:5)
  An iguana (D:4)
  An orc wizard (D:3)
  2 adders
  A white imp (D:6)
  2 ufetubi (D:6)
  A dart slug (D:4)
  5 orcs
  6 bats
  12 endoplasms
  4 giant cockroaches
  6 hobgoblins
  16 kobolds
  4 quokkas
  4 ball pythons
  3 frilled lizards
  4 goblins
  5 rats
83 creatures vanquished.

Vanquished Creatures (others)
  A kobold (D:6)
1 creature vanquished.

Grand Total: 84 creatures vanquished

Notes
Turn   | Place    | Note
-------+----------+-------------------------------------------
     0 | D:5      | croobank the Octopode Delver began the quest for the Orb.
     0 | D:5      | Reached XP level 1. HP: 16/16 MP: 1/1
     9 | D:6      | Noticed a black bear
    81 | D:6      | Noticed a scorpion
   103 | D:6      | Noticed a hound
   105 | D:6      | Killed a hound
   106 | D:6      | Reached skill level 7 in Stealth
   106 | D:6      | Reached XP level 2. HP: 21/21 MP: 2/2
   106 | D:6      | Reached XP level 3. HP: 26/26 MP: 3/3
   125 | D:5      | Noticed a scorpion
   130 | D:5      | Killed a scorpion
   131 | D:5      | Reached XP level 4. HP: 24/33 MP: 4/4
   212 | D:3      | Reached XP level 5. HP: 33/37 MP: 5/5
   260 | D:3      | Found a transporter.
   269 | D:3      | Found a transporter.
   843 | D:1      | Found a faded altar of an unknown god.
  2273 | D:3      | Identified a scroll of acquirement
  2273 | D:3      | Acquired the +5 broad axe of the Freezing Gods {flame,
                  | rPois}
  2300 | D:3      | Found a glowing silver altar of Zin.
  2649 | D:4      | Reached XP level 6. HP: 40/43 MP: 6/6
  2727 | D:4      | Reached skill level 1 in Axes
  2754 | D:4      | Learned a level 1 spell: Magic Dart
  3109 | D:4      | Found a staircase to the Ecumenical Temple.
  3128 | Temple   | Entered the Ecumenical Temple
  3128 | Temple   | Found a transporter.
  3128 | Temple   | Found a transporter.
  3130 | Temple   | Found a transporter.
  3130 | Temple   | Found a transporter.
  3148 | Temple   | Became a worshipper of Gozag Ym Sagoz the Greedy
  3248 | D:5      | Noticed a shadow
  3253 | D:5      | Reached skill level 8 in Stealth
  3657 | D:6      | Reached XP level 7. HP: 47/49 MP: 7/7
  3699 | D:6      | Succumbed to a kobold brigand's poison

Illustrated notes

Levels and vault maps discovered:
D:1:      mainiacjoe_arrival_reflecting_pool, layout_loops_ring,
          basic_ecumenical_altar, minmay_misc_feat_plants, minmay_statues_item,
          kennysheep_nondescript
D:2:      layout_loops_corners
D:3:      gammafunk_wand_slinger, layout_basic,
          mainiacjoe_overflow_concentric_impassable
D:4:      layout_cave_pools, minmay_temple_entry_nine_rooms
D:5:      layout_rooms, general_overflow_altar
D:6:      kennysheep_kobold_camp, layout_loops_corners,
          grunt_temple_overflow_lords_of_destruction, serial_shops, shop,
          minmay_strange_pillars
Temple:   hellmonk_temple_divided_pantheon

Skill      XL: |  1  2  3  4  5  6 |
---------------+-------------------+-----
Stealth        | 7 8 |  8.2
Short Blades   | 3 |  3.2
Dodging        | 3 |  3.9
Fighting       | 4 |  4.5
Axes           | 2 |  2.6

Action                     |  1- 3 |  4- 6 |  7- 9 || total
---------------------------+-------+-------+-------++-------
  Melee: Short sword       |    13 |   142 |    11 ||   166
         Constrict         |     2 |    27 |     2 ||    31
         Tentacles         |     1 |    31 |     1 ||    33
         Punch             |     1 |     3 |       ||     4
   Cast: Magic Dart        |       |    11 |       ||    11
  Evoke: Wand              |       |     1 |       ||     1
    Use: Scroll            |     2 |     7 |     2 ||    11
         Potion            |     1 |       |     2 ||     3
   Stab: Sleeping          |     3 |    31 |       ||    34
         Distracted        |       |     1 |       ||     1
 Armour: Skin              |     1 |     7 |       ||     8
  Dodge: Dodged            |     9 |    80 |    13 ||   102
